Map: Hard Lead LE

Players

BlackBerry - Winner!

  • Race: Zerg Zerg
  • League: Diamond
  • Spawn Location: 11:00

SubN

  • Race: Zerg Zerg
  • League: Diamond
  • Spawn Location: 5:00

VOD

Have the link to the VOD?

Description

Time

  • Played on: Dec. 24, 2023, 12:47 a.m.
  • Length: 4:22
Show
View Real Time Build Order
Export as new Build Order

BlackBerry Zerg - Winner!

Build Orders: Pool Only 

Get SALT Encoding   

  12  0:01  Drone  
  13  0:08  Drone  
  14  0:29  Spawning Pool  
  14  0:32  Overlord  
  13  0:37  Drone  
  14  0:47  Drone, Extractor  
  14  0:50  Drone  
  14  0:55  Drone  
  16  1:05  Drone  
  17  1:15  Queen  
  17  1:17  Drone  
  20  1:26  Extractor  
  20  1:27  Drone  
  20  1:37  Overlord  
  20  1:50  Drone  
  20  1:52  Lair  
  21  2:00  Zergling x2  
  22  2:09  Zergling x2  
  22  2:10  Metabolic Boost  
  23  2:20  Zergling x2  
  24  2:25  Zergling x4  
  26  2:35  Zergling x4  
  28  2:44  Overlord  
  28  2:52  Nydus Network  
  27  3:01  Zergling x4, Roach Warren  
  27  3:02  Zergling x2  
  27  3:05  Zergling x2  
  30  3:13  Drone  
  31  3:29  Zergling x6  
  31  3:30  Zergling x2  
  35  3:40  Nydus Canal  
  35  3:45  Zergling x2  
  36  3:49  Roach  
  38  4:01  Overlord  
Show
View Real Time Build Order
Export as new Build Order

SubN Zerg 

Build Orders: Pool First 

Get SALT Encoding   

  12  0:00  Drone  
  13  0:12  Overlord  
  13  0:17  Drone  
  14  0:30  Drone x2  
  14  0:34  Drone  
  17  0:42  Extractor  
  16  0:44  Drone  
  17  0:51  Spawning Pool  
  16  1:11  Hatchery  
  16  1:15  Drone  
  16  1:20  Drone  
  16  1:23  Drone  
  18  1:28  Drone  
  19  1:39  Queen  
  19  1:46  Metabolic Boost  
  21  1:53  Overlord  
  21  1:57  Drone  
  22  2:12  Zergling x4  
  24  2:22  Overlord  
  24  2:31  Zergling x2  
  24  2:36  Queen  
  25  2:39  Queen  
  25  2:43  Baneling Nest  
  28  2:46  Zergling x2  
  28  2:50  Drone  
  30  2:53  Drone  
  30  2:56  Drone  
  32  3:24  Drone x6  
  37  3:36  Zergling x8  
  41  3:46  Baneling  
  41  3:47  Baneling x6  
  41  3:48  Zergling x2  
  41  3:49  Zergling x2  
  41  3:54  Overlord x3  
Tags
 
Add a new tag
Caveats
  • Supply blocks, unpowered buildings, or Contaminate may cause inaccurate times.
  • Supply counts are checked every 10 seconds.